 Dungeon Crawl Stone Soup version 0.19.4-8-ga85b6b9 (webtiles) character file.

13401 Mefis the Thaumaturge (level 11, -2/54 HPs)
             Began as a Deep Elf Wizard on Feb 12, 2017.
             Was an Elder of Sif Muna.
             Slain by an earth elemental (29 damage)
             ... in a labyrinth.
             The game lasted 01:00:23 (20162 turns).

Mefis the Thaumaturge (Deep Elf Wizard)            Turns: 20162, Time: 01:00:23

Health: -2/54      AC:  6    Str:  4    XL:     11   Next: 75%
Magic:  12/29      EV: 16    Int: 27    God:    Sif Muna [****..]
Gold:   700        SH:  5    Dex: 13    Spells: 11 memorised, 4 levels left

rFire  . . .     SeeInvis .     F - +6 trident (venom)
rCold  . . .     Gourm    .     H - +0 robe
rNeg   . . .     Faith    .     y - +0 buckler
rPois  .         Spirit   .     g - +2 hat
rElec  .         Reflect  .     p - +0 cloak
rCorr  .         Harm     .     (no gloves)
MR     ++...                    w - +0 pair of boots
Stlth  +++.......               S - amulet of rage
                                B - ring of protection from magic
                                C - ring of wizardry

@: repel missiles
A: no striking features
a: Divine Energy, Channel Magic, Forget Spell, Renounce Religion, Evoke Berserk
Rage


You were in a labyrinth.
You worshipped Sif Muna.
Sif Muna was greatly pleased with you.
You were not hungry.

You visited 3 branches of the dungeon, and saw 14 of its levels.
You also visited: Labyrinth.

You collected 700 gold pieces.

Inventory:

Hand Weapons
 F - a +6 trident of venom (weapon)
Missiles
 L - 5 javelins (quivered)
Armour
 g - a +2 hat (worn)
 p - a +0 cloak (worn)
 w - a +0 pair of boots (worn)
 y - a +0 buckler (worn)
 H - a +0 robe (worn)
Magical Staves
 s - an uncursed staff of summoning {unknown}
 N - an uncursed staff of air
Jewellery
 B - a ring of protection from magic (right hand)
 C - a ring of wizardry (left hand)
 S - an amulet of rage (around neck)
Wands
 f - a wand of acid (0/15)
 j - a wand of flame (0/48)
 o - a wand of slowing (18/48)
 J - a wand of flame (26/48)
 P - a wand of confusion (19/48)
 V - a wand of iceblast (3/15)
Scrolls
 a - a scroll of random uselessness
 e - 2 scrolls of remove curse
 i - 4 scrolls of magic mapping
 l - 2 scrolls of recharging
 q - 3 scrolls of fog
 r - 2 scrolls of immolation {unknown}
 t - a scroll of blinking
 u - 3 scrolls of teleportation
Potions
 h - 4 potions of lignification
 G - 2 potions of resistance
Books
 c - a book of Minor Magic

   Spells                             Type                      Level
   a - Magic Dart                     Conjuration                  1
   b - Blink                          Translocation                2
   c - Call Imp                       Summoning                    2
   d - Repel Missiles                 Charms/Air                   2
   e - Slow                           Hexes                        2
   f - Conjure Flame                  Conjuration/Fire             3
   g - Mephitic Cloud                 Conjuration/Poison/Air       3
 k - Sif Muna's Guide on Warped Moulding
   (Sif Muna gifted it to you on level 1 of the Lair of Beasts)

   Spells                             Type                      Level
   a - Apportation                    Translocation                1
   b - Ignite Poison                  Fire/Transmutation/Poison    3
   c - Passage of Golubria            Translocation                4
   d - Yara's Violent Unravelling     Hexes/Transmutation          5
   e - Blade Hands                    Transmutation                5
   f - Dispersal                      Translocation                6
 O - a book of Clouds

   Spells                             Type                      Level
   a - Mephitic Cloud                 Conjuration/Poison/Air       3
   b - Conjure Flame                  Conjuration/Fire             3
   c - Poisonous Cloud                Conjuration/Poison/Air       6
   d - Freezing Cloud                 Conjuration/Ice/Air          6
   e - Ring of Flames                 Charms/Fire                  7
 Q - a book of Flames

   Spells                             Type                      Level
   a - Flame Tongue                   Conjuration/Fire             1
   b - Throw Flame                    Conjuration/Fire             2
   c - Conjure Flame                  Conjuration/Fire             3
   d - Inner Flame                    Hexes/Fire                   3
   e - Sticky Flame                   Conjuration/Fire             4
   f - Fireball                       Conjuration/Fire             5
Comestibles
 b - a royal jelly
 d - 7 bread rations
 n - 9 slices of pizza
 A - 3 beef jerkies


   Skills:
 - Level 6.8 Dodging
 - Level 5.0 Stealth
 - Level 4.0 Shields
 + Level 12.4 Spellcasting
 + Level 7.9 Conjurations
 - Level 5.8 Hexes
 + Level 2.0 Charms
 - Level 1.1 Summonings
 + Level 2.1 Translocations
 + Level 7.4 Ice Magic
 + Level 6.7 Air Magic
 - Level 2.3 Poison Magic
 + Level 4.5 Invocations
 + Level 4.4 Evocations


You had 4 spell levels left.
You knew the following spells:

 Your Spells              Type           Power        Failure   Level  Hunger
a - Magic Dart            Conj           ####         1%          1    None
b - Call Imp              Summ           ###.....     1%          2    None
c - Blink                 Tloc           N/A          1%          2    None
d - Sticky Flame          Conj/Fire      #####...     3%          4    None
e - Mephitic Cloud        Conj/Pois/Air  #####...     1%          3    None
f - Conjure Flame         Conj/Fire      #####...     1%          3    None
g - Slow                  Hex            #####...     1%          2    None
h - Inner Flame           Hex/Fire       ####....     1%          3    None
p - Repel Missiles        Chrm/Air       #####.       1%          2    None
q - Freezing Cloud        Conj/Ice/Air   ######....   10%         6    #####..
s - Throw Flame           Conj/Fire      #####.       1%          2    None


Dungeon Overview and Level Annotations

Branches:
Dungeon (11/15)            Temple (1/1) D:4            Lair (2/6) D:9
 Shoals (0/4) Lair:2          Orc (0/2) D:10
  Snake: Lair:2-4    Spider: Lair:2-4

Altars:
Ashenzari
Cheibriados
Dithmenos
Elyvilon
Fedhas
Gozag
Hepliaklqana
Kikubaaqudgha
Makhleb
Nemelex Xobeh
Okawaru
Qazlal
Ru
Sif Muna
Trog
Uskayaw
Vehumet
Xom
Yredelemnul
Zin
The Shining One


Message History

Aim: an earth elemental (almost destroyed)
The magic dart hits the earth elemental.
The earth elemental is almost destroyed.
Casting: Magic Dart
Confirm with . or Enter, or press ? or * to list all spells.
Aiming: Magic Dart
Press: ? - help, Shift-Dir - straight line, f/p - earth elemental
Aim: an earth elemental (almost destroyed)
The magic dart hits the earth elemental.
The earth elemental is almost destroyed.
Casting: Magic Dart
Confirm with . or Enter, or press ? or * to list all spells.
Aiming: Magic Dart
Press: ? - help, Shift-Dir - straight line, f/p - earth elemental
Aim: an earth elemental (almost destroyed)
The magic dart hits the earth elemental.
The earth elemental is almost destroyed.
The earth elemental hits you!!
Ouch! That really hurt!
You die...

# # #...#
#.###########
#.........E.#
#.###.#.###@#
#.
#.#...#...# #
# ### ##
###.####
.....
.....#.#.
###.#.# #.###
### #.#. .E #
.#. # . . .
#.. #.#. #. #
#.# # . ## #
#


You could see an earth elemental.

Vanquished Creatures
  Gastronok (Lair:1)
  The ghost of Quirk the Fighter, a novice DsFi of Okawaru (D:10)
  A death yak (D:8)
  A hill giant (D:9)
  A deep elf mage (D:10)
  5 gargoyles
  3 blink frogs (Lair:1)
  A shadow (Lab)
  4 yaks (Lair:1)
  A basilisk (Lair:2)
  2 hungry ghosts
  Duvessa (D:7)
  6 water moccasins
  3 orc warriors
  A porcupine (Lair:1)
  A hornet zombie (D:9)
  3 black bears
  3 sky beasts
  3 necrophages
  2 ice beasts
  A phantom (D:11)
  2 ogres (D:10)
  6 centaurs
  A crocodile (Lair:1)
  7 bullfrogs
  A wyvern skeleton (D:8)
  3 scorpions
  5 killer bees (D:8)
  17 wights
  2 howler monkeys (D:9)
  3 crimson imps
  2 centaur zombies
  Crazy Yiuf (D:7)
  A quasit (D:5)
  A bullfrog zombie (D:6)
  2 jellies
  6 centaur skeletons
  5 hounds
  7 orc priests
  3 bullfrog skeletons
  7 worker ants
  Natasha (twice) (D:2)
  9 orc wizards
  A killer bee zombie (D:10)
  A hound zombie (D:5)
  A worker ant zombie (D:7)
  9 gnolls
  9 adders
  A river rat (D:9)
  2 shadow imps
  3 oozes
  3 worms
  2 dart slugs
  8 leopard geckos
  27 orcs
  9 bats
  6 giant cockroaches
  9 goblins
  6 hobgoblins
  9 jackals
  16 kobolds
  4 quokkas
  2 ball pythons
  A ball python skeleton (D:4)
  4 frilled lizards
  2 leopard gecko skeletons
  A leopard gecko zombie (D:7)
  12 rats
286 creatures vanquished.

Vanquished Creatures (collateral kills)
  The ghost of Haldmier the Slasher, a novice HESk of Ashenzari (D:5)
  An orc warrior (D:9)
  An ogre (D:4)
  The ghost of Zorot the Magician, an amateur DEWz (D:3)
  Dowan (D:7)
  A hell rat (D:8)
  4 orcs
10 creatures vanquished.

Vanquished Creatures (others)
  5 toadstools (D:1)
5 creatures vanquished.

Grand Total: 301 creatures vanquished

Notes
Turn   | Place    | Note
-------+----------+-------------------------------------------
     0 | D:1      | Mefis the Deep Elf Wizard began the quest for the Orb.
     0 | D:1      | Reached XP level 1. HP: 10/10 MP: 7/7
   203 | D:1      | Reached XP level 2. HP: 15/15 MP: 0/9
   404 | D:1      | Learned a level 2 spell: Call Imp
   407 | D:1      | Learned a level 2 spell: Blink
   410 | D:1      | Learned a level 2 spell: Repel Missiles
   603 | D:1      | Reached skill level 5 in Spellcasting
   930 | D:1      | Reached XP level 3. HP: 19/19 MP: 3/11
   935 | D:1      | Learned a level 3 spell: Mephitic Cloud
  1281 | D:1      | Reached skill level 1 in Air Magic
  1839 | D:2      | Reached XP level 4. HP: 20/24 MP: 1/13
  1942 | D:2      | Learned a level 3 spell: Conjure Flame
  2055 | D:2      | Noticed Natasha
  2075 | D:2      | Killed Natasha
  2075 | D:2      | Reached skill level 1 in Poison Magic
  2231 | D:2      | Noticed Natasha
  2379 | D:2      | Killed Natasha
  2379 | D:2      | Reached XP level 5. HP: 19/28 MP: 4/15
  2814 | D:3      | Reached skill level 6 in Spellcasting
  3034 | D:3      | Noticed Zorot's ghost (amateur DEWz)
  3045 | D:3      | Learned a level 2 spell: Slow
  3306 | D:3      | Reached skill level 1 in Hexes
  3869 | D:4      | Reached XP level 6. HP: 27/32 MP: 10/17
  4646 | D:3      | Killed Zorot's ghost
  5227 | D:4      | Reached skill level 7 in Spellcasting
  5227 | D:4      | Reached XP level 7. HP: 36/36 MP: 2/19
  5396 | D:4      | You fall through a shaft for 2 floors!
  5801 | D:5      | Entered Level 5 of the Dungeon
  5880 | D:4      | Found a staircase to the Ecumenical Temple.
  5889 | Temple   | Entered the Ecumenical Temple
  5899 | Temple   | Became a worshipper of Sif Muna the Loreminder
  6876 | D:5      | Reached skill level 1 in Shields
  7161 | D:5      | Noticed Haldmier's ghost (novice HESk)
  7172 | D:5      | Killed Haldmier's ghost
  7172 | D:5      | Reached skill level 5 in Stealth
  7172 | D:5      | Reached skill level 8 in Spellcasting
  7217 | D:5      | Reached XP level 8. HP: 41/41 MP: 13/22
  7687 | D:6      | Reached * piety under Sif Muna
  7801 | D:6      | Reached skill level 1 in Evocations
  7902 | D:6      | Reached skill level 5 in Dodging
  8280 | D:7      | Noticed a hill giant
  8362 | D:6      | Reached skill level 1 in Invocations
  8611 | D:7      | Found a runed door.
  9055 | D:7      | Reached skill level 9 in Spellcasting
  9622 | D:7      | Noticed Duvessa
  9622 | D:7      | Noticed Dowan
  9646 | D:7      | Killed Duvessa
  9646 | D:7      | Reached XP level 9. HP: 39/45 MP: 1/24
  9658 | D:7      | Killed Dowan
 10197 | D:7      | Noticed Crazy Yiuf
 10203 | D:7      | Killed Crazy Yiuf
 11078 | D:8      | Reached skill level 10 in Spellcasting
 11128 | D:8      | Reached ** piety under Sif Muna
 11306 | D:8      | Reached skill level 5 in Conjurations
 11406 | D:8      | Reached skill level 5 in Hexes
 12043 | D:8      | Learned a level 6 spell: Freezing Cloud
 12292 | D:9      | Found a staircase to the Lair.
 12292 | D:9      | Noticed a death yak
 12321 | D:8      | Killed a death yak
 12321 | D:8      | Reached skill level 1 in Ice Magic
 12321 | D:8      | Reached XP level 10. HP: 20/50 MP: 16/26
 13273 | D:9      | Killed a hill giant
 13319 | D:9      | Reached *** piety under Sif Muna
 13548 | D:9      | Found an opulent altar of Gozag.
 13590 | D:8      | Reached skill level 11 in Spellcasting
 13842 | D:9      | Learned a level 2 spell: Throw Flame
 13847 | D:9      | Learned a level 4 spell: Sticky Flame
 13853 | D:9      | Learned a level 3 spell: Inner Flame
 14084 | D:9      | Reached skill level 5 in Air Magic
 14407 | D:10     | Entered Level 10 of the Dungeon
 14445 | D:10     | Noticed a gargoyle
 14464 | D:10     | Killed a gargoyle
 15006 | D:10     | Found a burning altar of Makhleb.
 15224 | D:10     | Noticed Quirk's ghost (novice DsFi)
 15630 | D:10     | Found a staircase to the Orcish Mines.
 15776 | D:10     | Killed Quirk's ghost
 15776 | D:10     | Reached **** piety under Sif Muna
 15776 | D:10     | Reached skill level 5 in Ice Magic
 16007 | D:10     | Noticed a deep elf mage
 16010 | D:10     | Killed a deep elf mage
 16010 | D:10     | Reached XP level 11. HP: 54/54 MP: 17/28
 16617 | Lair:1   | Entered Level 1 of the Lair of Beasts
 16977 | Lair:1   | Noticed Gastronok
 16995 | Lair:1   | Killed Gastronok
 16995 | Lair:1   | Reached skill level 12 in Spellcasting
 17238 | Lair:1   | Reached ***** piety under Sif Muna
 17341 | Lair:1   | Identified Sif Muna's Guide on Warped Moulding (Sif Muna gifted it to you on level 1 of the Lair of Beasts)
 17341 | Lair:1   | Received a gift from Sif Muna
 18008 | Lair:2   | Found a labyrinth entrance.
 18017 | Lab      | Entered a labyrinth
 18417 | Lab      | Reached skill level 1 in Charms
 20162 | Lab      | Slain by an earth elemental

Skill      XL: |  1  2  3  4  5  6  7  8  9 10 11 |
---------------+----------------------------------+-----
Spellcasting   | 5 6 7 8 9 10 11 12 | 12.4
Stealth        | 3 5 |  5.0
Air Magic      | 1 2 3 4 5 6 |  6.7
Conjurations   | 2 3 4 5 6 7 |  7.9
Dodging        | 3 4 5 6 |  6.8
Poison Magic   | 1 2 |  2.3
Hexes          | 1 2 4 5 |  5.8
Shields        | 1 2 3 4 |  4.0
Evocations     | 2 3 4 |  4.4
Invocations    | 2 3 4 |  4.5
Ice Magic      | 1 5 7 |  7.4
Charms         | 2 |  2.0
Translocations | 2 |  2.1
Summonings     | |  1.1

Action                   |  1- 3 |  4- 6 |  7- 9 | 10-12 || total
-------------------------+-------+-------+-------+-------++-------
Melee: Dagger            |    13 |       |       |       ||    13
       Unarmed           |     3 |       |       |       ||     3
       Spear             |     7 |    18 |     3 |       ||    28
       Trident           |       |       |    90 |    99 ||   189
 Cast: Magic Dart        |   114 |   167 |   383 |   164 ||   828
       Repel Missiles    |     2 |       |       |     1 ||     3
       Mephitic Cloud    |     1 |     8 |    32 |    15 ||    56
       Conjure Flame     |       |     1 |    22 |    19 ||    42
       Call Imp          |       |     4 |    20 |    15 ||    39
       Blink             |       |       |    15 |     7 ||    22
       Slow              |       |       |     4 |    16 ||    20
       Throw Flame       |       |       |       |   145 ||   145
       Sticky Flame      |       |       |       |    29 ||    29
       Freezing Cloud    |       |       |       |     6 ||     6
Invok: Channel Magic     |       |       |       |     3 ||     3
Evoke: Wand              |       |       |       |    24 ||    24
  Use: Scroll            |       |       |     9 |     7 ||    16
 Stab: Confused          |     1 |     1 |     9 |     5 ||    16
       Sleeping          |       |     1 |       |     3 ||     4
       Distracted        |       |       |     3 |       ||     3
  Eat: Chunk             |     2 |     7 |    12 |     7 ||    28
       Bread ration      |       |     1 |       |     1 ||     2
       Meat ration       |       |       |     2 |     3 ||     5
       Royal jelly       |       |       |     1 |       ||     1
Armor: Robe              |     4 |    10 |    17 |    16 ||    47
Dodge: Dodged            |    37 |    27 |    86 |    89 ||   239
       Deflected         |     1 |     2 |     4 |     5 ||    12
Block: Buckler           |       |       |    15 |    33 ||    48
